EL
SAN JOSE GIANTS @ BILOXI SHUCKERS
07/28/2049
 
TOP OF THE 1ST
San Jose Giants batting - Pitching for Biloxi Shuckers : LHP Mike Moffett
Pitching: LHP Mike Moffett
Batting: RHB Tony Mendez 0-0: Called Strike
0-1: Ball
1-1: Foul Ball, location: 2F
1-2: Ball
2-2: Foul Ball, location: 2F
2-2: Foul Ball, location: 2F
2-2: Foul Ball, location: 2F
2-2: Ball
3-2: Foul Ball, location: 2F
3-2: Ground out U3 (Groundball, 3L, EV 88.8 MPH)
Batting: RHB Guillermo Mojica 0-0: Ball
1-0: Foul Ball, location: 2F
1-1: Foul Ball, location: 2F
1-2: Ball
2-2: Foul Ball, location: 2F
2-2: Ball
3-2: Reached on error, E4 (Groundball, 4, EV 83.1 MPH)
Batting: RHB Chris Bittner 0-0: Ball
1-0: Called Strike
Guillermo Mojica steals 3rd base
1-1: Ball
2-1: Ball
3-1: Swinging Strike
3-2: Base on Balls
Batting: LHB Ryan Braden 0-0: Foul Ball, location: 2F
0-1: Swinging Strike
0-2: DOUBLE (Line Drive, 9LS, EV 100.6 MPH)
Guillermo Mojica scores
Chris Bittner to third
Runner from 3rd tries for Home, SAFE, throw by RF to home
Batting: LHB Mike Roberts 0-0: Fly out, F8 (Flyball, 8LXD, EV 83.1 MPH)
Runner from 2nd tags up, SAFE at 3rd, no throw by CF
Batting: RHB Oscar Fausto 0-0: Called Strike
0-1: Swinging Strike
0-2: Ball
1-2: Foul Ball, location: 2F
1-2: Foul Ball, location: 2F
1-2: Foul Ball, location: 2F
1-2: Ball
2-2: Foul Ball, location: 2F
2-2: Foul Ball, location: 2F
2-2: Ball
3-2: Ground out 6-3 (Groundball, 6MD, EV 86.9 MPH)
Top of the 1st over - 2 runs, 1 hit, 1 error, 1 left on base; San Jose 2 - Biloxi 0
BOTTOM OF THE 1ST
Biloxi Shuckers batting - Pitching for San Jose Giants : RHP Jim Sprayberry
Pitching: RHP Jim Sprayberry
Batting: RHB Nick Cummings 0-0: Called Strike
0-1: Ball
1-1: Called Strike
1-2: Ground out 2-3 (Groundball, 15S, EV 72.5 MPH)
Batting: RHB Josh Nelson 0-0: Foul Ball, location: 2F
0-1: Swinging Strike
0-2: Ball
1-2: SINGLE (Groundball, 4MD, EV 105.6 MPH)
Batting: LHB Rick Campbell 0-0: Fielders Choice at 2nd, 3-6 (Groundball, 3, EV 103.1 MPH)
Batting: SHB Aaron Neill 0-0: Ball
Rick Campbell steals 2nd base
1-0: Foul Ball, location: 2F
1-1: TRIPLE (Flyball, 78XD, EV 94.4 MPH)
Rick Campbell scores
Batting: SHB Jerry Duffy 0-0: Swinging Strike
0-1: Ball
1-1: Ball
2-1: Foul Ball, location: 2F
2-2: Strikes out swinging
Bottom of the 1st over - 1 run, 2 hits, 0 errors, 1 left on base; San Jose 2 - Biloxi 1
TOP OF THE 2ND
San Jose Giants batting - Pitching for Biloxi Shuckers : LHP Mike Moffett
Batting: LHB Steve Nevis 0-0: Fly out, F7 (Line Drive, 78M, EV 91.9 MPH)
Batting: LHB Yeong-hun Joe 0-0: Called Strike
0-1: SINGLE (Groundball, 34S, EV 66.2 MPH) (infield hit)
Batting: RHB Alex Belton 0-0: Ball
1-0: Ball
2-0: Called Strike
2-1: Grounds into double play, 4-6-3 (Groundball, 4, EV 90.0 MPH)
Top of the 2nd over - 0 runs, 1 hit, 0 errors, 0 left on base; San Jose 2 - Biloxi 1
BOTTOM OF THE 2ND
Biloxi Shuckers batting - Pitching for San Jose Giants : RHP Jim Sprayberry
Batting: RHB Brian Landrum 0-0: Ground out 6-3 (Groundball, 56D, EV 86.2 MPH)
Batting: RHB Victor Alarcon 0-0: Ball
1-0: Foul Ball, location: 2F
1-1: Ball
2-1: Foul Ball, location: 2F
2-2: Ball
3-2: Base on Balls
Batting: SHB Nick Chandler 0-0: Ball
Victor Alarcon steals 2nd, throwing error, E2
Victor Alarcon to third
1-0: Ground out 4-3 (Groundball, 34, EV 90.0 MPH)
Victor Alarcon scores
Batting: RHB Dusty Bates 0-0: Ball
1-0: Called Strike
1-1: Ball
2-1: SINGLE (Groundball, 56D, EV 103.8 MPH)
Batting: RHB Nick Cummings 0-0: Swinging Strike
0-1: Swinging Strike
0-2: Ball
1-2: Ball
2-2: Strikes out swinging, 2-3 out at first.
Bottom of the 2nd over - 1 run, 1 hit, 1 error, 1 left on base; San Jose 2 - Biloxi 2
TOP OF THE 3RD
San Jose Giants batting - Pitching for Biloxi Shuckers : LHP Mike Moffett
Batting: RHB Tony Mendez 0-0: Ball
1-0: Ball
2-0: Ground out U3 (Groundball, 3S, EV 81.2 MPH)
Batting: RHB Guillermo Mojica 0-0: Ball
1-0: Ball
2-0: Ball
3-0: Hit by Pitch
Batting: RHB Chris Bittner 0-0: Swinging Strike
0-1: Ball
1-1: Ball
2-1: Grounds into double play, U6-3 (Groundball, 4M, EV 85.0 MPH)
Top of the 3rd over - 0 runs, 0 hits, 0 errors, 0 left on base; San Jose 2 - Biloxi 2
BOTTOM OF THE 3RD
Biloxi Shuckers batting - Pitching for San Jose Giants : RHP Jim Sprayberry
Batting: RHB Josh Nelson 0-0: Ball
1-0: Foul Ball, location: 2F
1-1: Ground out 6-3 (Groundball, 6, EV 86.2 MPH)
Batting: LHB Rick Campbell 0-0: Called Strike
0-1: Ball
1-1: Ball
2-1: Foul Ball, location: 2F
2-2: Foul Ball, location: 2F
2-2: Ball
3-2: Foul Ball, location: 2F
3-2: Fly out, F7 (Flyball, 7LS, EV 88.1 MPH)
Batting: SHB Aaron Neill 0-0: Swinging Strike
0-1: Swinging Strike
0-2: Ball
1-2: Ball
2-2: Ground out 4-3 (Groundball, 4, EV 90.0 MPH)
Bottom of the 3rd over - 0 runs, 0 hits, 0 errors, 0 left on base; San Jose 2 - Biloxi 2
TOP OF THE 4TH
San Jose Giants batting - Pitching for Biloxi Shuckers : LHP Mike Moffett
Batting: LHB Ryan Braden 0-0: Ball
1-0: Ball
2-0: Called Strike
2-1: Ball
3-1: Foul Ball, location: 2F
3-2: Base on Balls
Batting: LHB Mike Roberts 0-0: Ball
1-0: Called Strike
1-1: Swinging Strike
1-2: Foul Ball, location: 2F
1-2: Ball
2-2: Ball
3-2: Fly out, F7 (Flyball, 78M, EV 92.5 MPH)
Batting: RHB Oscar Fausto 0-0: Called Strike
0-1: Called Strike
Ryan Braden steals 2nd base
0-2: Strikes out swinging
Batting: LHB Steve Nevis 0-0: Intentional Walk
Batting: LHB Yeong-hun Joe 0-0: Ball
1-0: Ground out 4-3 (Groundball, 4S, EV 83.1 MPH)
Top of the 4th over - 0 runs, 0 hits, 0 errors, 2 left on base; San Jose 2 - Biloxi 2
BOTTOM OF THE 4TH
Biloxi Shuckers batting - Pitching for San Jose Giants : RHP Jim Sprayberry
Batting: SHB Jerry Duffy 0-0: Ball
1-0: Ground out U3 (Groundball, 3, EV 86.9 MPH)
Batting: RHB Brian Landrum 0-0: Ball
1-0: Ball
2-0: Ground out 6-3 (Groundball, 6, EV 83.1 MPH)
Batting: RHB Victor Alarcon 0-0: Called Strike
0-1: Ball
1-1: Foul Ball, location: 2F
1-2: Ball
2-2: Strikes out swinging
Bottom of the 4th over - 0 runs, 0 hits, 0 errors, 0 left on base; San Jose 2 - Biloxi 2
TOP OF THE 5TH
San Jose Giants batting - Pitching for Biloxi Shuckers : LHP Mike Moffett
Batting: RHB Alex Belton 0-0: Foul Ball, location: 2F
0-1: Ball
1-1: Ball
2-1: Foul Ball, location: 2F
2-2: Strikes out looking
Batting: RHB Tony Mendez 0-0: Ground out 3-1 (Groundball, 34S, EV 81.9 MPH)
Batting: RHB Guillermo Mojica 0-0: Ball
1-0: Called Strike
1-1: Fly out, F4 (Line Drive, 4, EV 68.8 MPH)
Top of the 5th over - 0 runs, 0 hits, 0 errors, 0 left on base; San Jose 2 - Biloxi 2
BOTTOM OF THE 5TH
Biloxi Shuckers batting - Pitching for San Jose Giants : RHP Jim Sprayberry
Batting: SHB Nick Chandler 0-0: Ball
1-0: SINGLE (Line Drive, 8LS, EV 99.4 MPH)
Batting: RHB Dusty Bates 0-0: Grounds into double play, 6-4-3 (Groundball, 6, EV 83.8 MPH)
Batting: RHB Nick Cummings 0-0: Foul Ball, location: 2F
0-1: Ground out 5-3 (Groundball, 15, EV 87.5 MPH)
Bottom of the 5th over - 0 runs, 1 hit, 0 errors, 0 left on base; San Jose 2 - Biloxi 2
TOP OF THE 6TH
San Jose Giants batting - Pitching for Biloxi Shuckers : LHP Mike Moffett
Batting: RHB Chris Bittner 0-0: Ball
1-0: Ball
2-0: SINGLE (Line Drive, 78M, EV 92.5 MPH)
Batting: LHB Ryan Braden 0-0: Called Strike
0-1: Foul Ball, location: 2F
0-2: Foul Ball, location: 2F
0-2: Ball
1-2: Foul Ball, location: 2F
1-2: Ball
2-2: Strikes out looking
Batting: LHB Mike Roberts 0-0: Called Strike
0-1: Called Strike
0-2: Ball
1-2: Foul Ball, location: 2F
1-2: Ball
2-2: Ball
3-2: Strikes out swinging
Pitching: LHP Brian Rich
Batting: RHB Oscar Fausto 0-0: Called Strike
0-1: DOUBLE (Groundball, 5L, EV 106.9 MPH)
Chris Bittner to third
Runner from 3rd tries for Home, SAFE, no throw by LF
Pinch Hitting: RHB Azedine Kirui 0-0: Intentional Walk
Batting: LHB Yeong-hun Joe 0-0: Foul Ball, location: 2F
0-1: Fly out, F6 (Popup, 6, EV 71.2 MPH)
Top of the 6th over - 1 run, 2 hits, 0 errors, 2 left on base; San Jose 3 - Biloxi 2
BOTTOM OF THE 6TH
Biloxi Shuckers batting - Pitching for San Jose Giants : RHP Jim Sprayberry
Now in CF: Adam Noyes
Now in RF: Ryan Braden
Batting: RHB Josh Nelson 0-0: Foul Ball, location: 2F
0-1: Ball
1-1: Ball
2-1: Called Strike
2-2: Ball
3-2: Foul Ball, location: 2F
3-2: Foul Ball, location: 2F
3-2: Foul Ball, location: 2F
3-2: Foul Ball, location: 2F
3-2: Base on Balls
Batting: LHB Rick Campbell 0-0: Ball
1-0: Called Strike
1-1: Called Strike
1-2: Strikes out swinging
Batting: SHB Aaron Neill 0-0: Ball
1-0: Foul Ball, location: 2F
1-1: Ball
Pickoff Throw to First - Out! 1-3 CS
2-1: Called Strike
2-2: Ground out 6-3 (Groundball, 6MD, EV 91.2 MPH)
Bottom of the 6th over - 0 runs, 0 hits, 0 errors, 0 left on base; San Jose 3 - Biloxi 2
TOP OF THE 7TH
San Jose Giants batting - Pitching for Biloxi Shuckers : LHP Brian Rich
Batting: RHB Alex Belton 0-0: Called Strike
0-1: Swinging Strike
0-2: Ball
1-2: Strikes out swinging
Batting: RHB Tony Mendez 0-0: Swinging Strike
0-1: SINGLE (Groundball, 56D, EV 98.1 MPH)
Batting: RHB Guillermo Mojica 0-0: Called Strike
0-1: Ball
1-1: Swinging Strike
1-2: Foul Ball, location: 2F
1-2: Ball
2-2: Fly out, F9 (Line Drive, 89M, EV 105.0 MPH)
Batting: RHB Chris Bittner 0-0: Called Strike
Tony Mendez is caught stealing 2nd base 2-4
Top of the 7th over - 0 runs, 1 hit, 0 errors, 0 left on base; San Jose 3 - Biloxi 2
BOTTOM OF THE 7TH
Biloxi Shuckers batting - Pitching for San Jose Giants : RHP Jim Sprayberry
Now at 2B: Alex Belton
Now at 3B: Jerry Massey
Batting: SHB Jerry Duffy 0-0: Swinging Strike
0-1: Ball
1-1: Ball
2-1: Swinging Strike
2-2: Ball
3-2: Ground out 4-3 (Groundball, 4, EV 104.4 MPH)
Pitching: RHP Isidro Aguirre
Pinch Hitting: LHB Kwang-chih Men 0-0: Called Strike
0-1: Fly out, F9 (Flyball, 89M, EV 93.1 MPH)
Batting: RHB Victor Alarcon 0-0: Called Strike
0-1: Ball
1-1: Ball
2-1: Swinging Strike
2-2: Ground out 4-3 (Groundball, 4S, EV 86.2 MPH)
Bottom of the 7th over - 0 runs, 0 hits, 0 errors, 0 left on base; San Jose 3 - Biloxi 2
TOP OF THE 8TH
San Jose Giants batting - Pitching for Biloxi Shuckers : LHP Brian Rich
Now at 2B: Nick Chandler
Now at 3B: Kwang-chih Men
Now at SS: Rick Campbell
Batting: RHB Chris Bittner 0-0: Ball
1-0: Called Strike
1-1: DOUBLE (Flyball, 8RXD, EV 107.5 MPH)
Batting: LHB Ryan Braden 0-0: Intentional Walk
Pinch Runner at 2nd Leon Alders:
Batting: LHB Mike Roberts 0-0: Foul Ball, location: 2F
0-1: Swinging Strike
0-2: Ball
1-2: Ball
2-2: Ball
3-2: Foul Ball, location: 2F
3-2: Strikes out swinging
Batting: RHB Oscar Fausto 0-0: Swinging Strike
0-1: 3-RUN HOME RUN (Flyball, 78XD, EV 106.9 MPH), Distance : 419 ft
Pitching: RHP Josh Pelletier
Batting: RHB Adam Noyes 0-0: Ball
1-0: Called Strike
1-1: Swinging Strike
1-2: Ball
2-2: Strikes out swinging
Batting: LHB Yeong-hun Joe 0-0: Ground out 1-3 (Groundball, 34S, EV 66.2 MPH)
Top of the 8th over - 3 runs, 2 hits, 0 errors, 0 left on base; San Jose 6 - Biloxi 2
BOTTOM OF THE 8TH
Biloxi Shuckers batting - Pitching for San Jose Giants : RHP Isidro Aguirre
Batting: SHB Nick Chandler 0-0: Ball
1-0: Called Strike
1-1: Swinging Strike
1-2: Foul Ball, location: 2F
1-2: Ball
2-2: Ball
3-2: Foul Ball, location: 2F
3-2: Strikes out swinging, 2-3 out at first.
Batting: RHB Dusty Bates 0-0: Ball
1-0: Called Strike
1-1: Ball
2-1: Swinging Strike
2-2: Ground out 6-3 (Groundball, 6, EV 86.9 MPH)
Batting: RHB Nick Cummings 0-0: Called Strike
0-1: Ball
1-1: Foul Ball, location: 2F
1-2: Foul Ball, location: 2F
1-2: Foul Ball, location: 2F
1-2: Strikes out swinging
Bottom of the 8th over - 0 runs, 0 hits, 0 errors, 0 left on base; San Jose 6 - Biloxi 2
TOP OF THE 9TH
San Jose Giants batting - Pitching for Biloxi Shuckers : RHP Josh Pelletier
Batting: RHB Alex Belton 0-0: Ball
1-0: Swinging Strike
1-1: Foul Ball, location: 2F
1-2: Strikes out swinging
Batting: RHB Tony Mendez 0-0: Ball
1-0: Foul Ball, location: 2F
1-1: SINGLE (Line Drive, 4D, EV 98.8 MPH)
Batting: SHB Jerry Massey 0-0: Foul Ball, location: 2F
0-1: Ball
1-1: Fly out, F7 (Flyball, 7, EV 73.8 MPH)
Batting: RHB Leon Alders 0-0: Ball
1-0: Called Strike
Tony Mendez is caught stealing 2nd base 2-4
Top of the 9th over - 0 runs, 1 hit, 0 errors, 0 left on base; San Jose 6 - Biloxi 2
BOTTOM OF THE 9TH
Biloxi Shuckers batting - Pitching for San Jose Giants : RHP Isidro Aguirre
Pitching: RHP Mike Flynn
Batting: RHB Josh Nelson 0-0: Ball
1-0: Ball
2-0: Ball
3-0: Base on Balls
Batting: LHB Rick Campbell 0-0: Foul Ball, location: 2F
0-1: Called Strike
0-2: Ball
1-2: Ball
2-2: Strikes out swinging
Batting: SHB Aaron Neill 0-0: Called Strike
0-1: Fielders Choice at 2nd, 4-6 (Groundball, 34, EV 80.6 MPH)
Batting: SHB Jerry Duffy 0-0: Ball
1-0: Ball
2-0: Foul Ball, location: 2F
2-1: Swinging Strike
2-2: Ball
3-2: Strikes out swinging
Bottom of the 9th over - 0 runs, 0 hits, 0 errors, 1 left on base; San Jose 6 - Biloxi 2
Sunday, July 16th , 2023 - OOTP Baseball 24.6 Build 69